cohdb
Replays
Latest Replays
All Replays
Popular Replays
Top Player Replays
Match Explorer
How It Works
Community
CoH3 Stats
Reddit
Sign in to upload your games and track your stats! →
Sign in with Steam
Match 41372771
Unlisted
Match 41372771
Overview
Messages
Build Orders
End
Kettenkrad Recon Vehicle
Construct Infanterie Kompanie
Selects Terror Battlegroup
MG 42 Machine Gun Team
Grenadier Squad
Selects Machine Gun Camouflage
MG 42 Machine Gun Team
Grenadier Squad
Construct Panzergrenadier Kompanie
251 Medium Carrier
Pak 40 Anti-tank Gun Team
Support Elements
Nebelwerfer 42 Rocket Launcher Team
Nebelwerfer 42 Rocket Launcher Team
Repair Bunker
Construct Panzer Kompanie
Stoßtruppen Squad
Pioneer Squad
Selects No Quarter
Panzer IV Medium Tank
Repair Bunker
Panzer Officer Quarters
Selects King Tiger Heavy Tank
Selects Interrogate
King Tiger Heavy Tank
Medical Bunker
Panzer IV Medium Tank
Selects Propaganda Leaflet Drop
Panzergrenadier Officer Quarters
aSIINiedi
為了帝皇
好笑吗,我只看到一个
GANDX
badger2
Exf
Gravey
SovietBuffalo
0
0
Comments
sign in to comment!
No comments posted yet!